Map: Interloper LE

Players

Shnurks - Winner!

  • Race: Terran Terran
  • League: Silver
  • Spawn Location: 5:00

VOD

Have the link to the VOD?

Description

Time

  • Played on: Jan. 13, 2018, 4:18 a.m.
  • Length: 17:53
Show
View Real Time Build Order
Export as new Build Order

Shnurks Terran - Winner!

Build Orders: 1/1/1, Banshee Rush 

Get SALT Encoding   

  12  0:04  SCV  
  12  0:18  Supply Depot  
  12  0:24  Refinery  
  12  0:41  Barracks  
  12  0:43  SCV  
  12  0:49  Refinery  
  12  0:56  SCV  
  12  1:14  Supply Depot  
  12  1:28  Factory  
  12  1:42  SCV  
  12  1:50  Barracks Tech Lab  
  12  1:54  SCV  
  12  2:19  Siege Tank  
  12  2:23  Barracks Tech Lab  
  12  2:28  Starport  
  12  2:30  SCV  
  12  2:41  Marine  
  12  2:58  SCV  
  12  3:10  SCV  
  12  3:13  Engineering Bay  
  12  3:14  Banshee  
  12  3:22  Cloaking Field, SCV  
  12  3:34  SCV  
  12  3:39  Supply Depot  
  12  3:43  Barracks Reactor  
  12  3:51  Missile Turret  
  12  4:01  Banshee  
  12  4:08  Widow Mine  
  12  4:16  Orbital Command  
  12  4:21  Marine  
  12  4:23  Marine  
  12  4:54  Siege Tank  
  12  5:06  Supply Depot x2  
  12  5:27  Marine x2  
  12  5:45  Marine x2  
  12  6:14  Command Center  
  12  6:20  Fusion Core  
  12  6:25  Armory  
  12  6:36  Medivac  
  12  6:37  Marine x2  
  12  6:49  Barracks  
  12  6:55  Marine x2  
  12  7:12  Battlecruiser  
  12  7:20  Supply Depot  
  12  7:21  Supply Depot  
  12  7:22  Supply Depot  
  12  7:25  Marine x2  
  12  7:32  Missile Turret  
  12  8:09  Hellion  
  12  8:15  Barracks Tech Lab  
  12  8:37  SCV  
  12  8:38  SCV  
  12  8:40  Marine x2  
  12  8:41  Marauder  
  12  8:49  SCV  
  12  8:50  SCV  
  12  8:53  Combat Shields  
  12  8:56  Battlecruiser  
  12  9:01  SCV  
  12  9:02  Marauder, SCV  
  12  9:12  Terran Infantry Armor Level 1  
  12  9:13  SCV  
  12  9:14  SCV, Terran Vehicle And Ship Armor Level 1  
  12  9:21  Smart Servos  
  12  9:25  SCV  
  12  9:26  SCV  
  12  9:38  SCV x2  
  12  9:47  Marine  
  12  9:48  Marauder, Marine  
  12  9:52  Command Center  
  12  10:10  Hellbat  
  12  10:16  Stimpack  
  12  10:23  Marine x2, Marauder  
  12  10:40  Supply Depot, Infernal Pre-Igniter, Marine  
  12  10:42  Supply Depot  
  12  10:43  Supply Depot  
  12  10:46  Orbital Command  
  12  10:56  Missile Turret  
  12  11:01  Marine x2, Hellbat, Marauder  
  12  11:06  Terran Infantry Weapons Level 1  
  12  11:08  Terran Vehicle Weapons Level 1  
  12  11:15  Raven  
  12  11:19  Marine x2  
  12  11:23  Marauder, Hellbat  
  12  11:36  Marine x2  
  12  11:38  SCV x3  
  12  11:44  Marauder  
  12  11:50  SCV x3, Thor  
  12  11:54  Marine x2  
  12  12:02  SCV x3  
  12  12:06  Marauder  
  12  12:12  Marine x2  
  12  12:22  Supply Depot x3  
  12  12:23  Supply Depot x2  
  12  12:36  Refinery  
  12  12:43  Marine x2  
  12  12:44  Marauder, SCV x3  
  12  12:56  SCV x3  
  12  13:00  Terran Infantry Armor Level 2  
  12  13:01  Marine  
  12  13:02  Terran Ship Weapons Level 1  
  12  13:05  Marauder  
  12  13:06  Refinery  
  12  13:10  Refinery  
  12  13:26  Sensor Tower  
  12  13:27  Marauder  
  12  13:32  Supply Depot  
  12  13:34  Supply Depot  
  12  13:35  Supply Depot  
  12  13:36  Supply Depot  
  12  13:41  Supply Depot  
  12  13:55  Orbital Command  
  12  14:06  Marine x3  
  12  14:16  Barracks  
  12  14:23  Marine  
  12  14:24  Marine x2  
  12  14:36  Thor  
  12  14:38  Raven  
  12  14:41  Marine  
  12  14:42  Marine x2  
  12  14:56  Terran Vehicle And Ship Armor Level 2  
  12  14:59  Marine  
  12  15:00  Marine x2  
  12  15:15  Terran Infantry Weapons Level 2  
  12  15:17  Marine x3  
  12  15:19  Thor  
  12  15:31  Medivac  
  12  15:36  Marauder  
  12  16:01  Medivac  
Tags
 
League
Silver
Opening
1/1/1
Race
Terran
Strategy
Banshee Rush
Add a new tag
Caveats
  • Supply blocks, unpowered buildings, or Contaminate may cause inaccurate times.
  • Supply counts are checked every 10 seconds.